 Dungeon Crawl Stone Soup version 0.29.0-4-gdea44cf6ec (webtiles) character file.

Game seed: 15540860653814272503

30 qw the Sneak (level 3, -4/23 HPs)
             Began as a Gargoyle Delver on Sept 10, 2022.
             Slain by a hound (5 damage)
             ... on level 5 of the Dungeon.
             The game lasted 00:00:05 (275 turns).

qw the Sneak (Gargoyle Delver)                       Turns: 275, Time: 00:00:05

Health: -4/23      AC:  6    Str: 17    XL:     3   Next: 18%
Magic:  3/3        EV: 11    Int: 10    God:
Gold:   26         SH:  0    Dex: 11    Spells: 2/2 levels left

rFire   . . .      SeeInvis .   a - +0 hand axe
rCold   . . .      Faith    .   (no shield)
rNeg    + . .      Spirit   .   b - +0 leather armour
rPois   inf        Reflect  .   (no helmet)
rElec   +          Harm     .   (no cloak)
rCorr   .          Rampage  .   (no gloves)
Will    .....                   (no boots)
Stlth   +++.......              (no amulet)
HPRegen 0.07/turn               (no ring)
MPRegen 0.08/turn               (no ring)

@: no status effects
A: sickness immunity, AC +3, negative energy resistance 1, electricity
resistance, torment resistance 1, petrification resistance
a: no special abilities


You were on level 5 of the Dungeon.
You visited 1 branch of the dungeon, and saw 1 of its levels.

You collected 26 gold pieces.


Innate Abilities, Weirdness & Mutations

You are immune to sickness and miasma.
Your stone body is resilient. (AC +3)
You are immune to poison.
You resist negative energy. (rN+)
You are resistant to electric shocks. (rElec)
You are resistant to unholy torment.
You are immune to petrification.


   Skills:
 - Level 3.2 Fighting
 + Level 3.2 Axes
 - Level 1.5 Dodging
 - Level 5.4 Stealth


You had 2 spell levels left.
You didn't know any spells.
Your spell library was empty.

Inventory:

Hand Weapons
 a - a +0 hand axe (weapon)
Armour
 b - a +0 leather armour (worn)
Wands
 g - a wand of digging (3)
Scrolls
 c - a scroll of fog
 d - a scroll of magic mapping
 e - a scroll of fear
Potions
 f - a potion of haste

Dungeon Overview and Level Annotations

Branches:
Dungeon (5/15)
 Temple: D:4-7

Altars:


Message History

The adder barely misses you. The hound bites you. The adder barely misses you.
The hound barely misses you.
You miss the hound.
The hound is severely wounded.
You completely miss the adder. The hound bites you but does no damage.
The adder bites you but does no damage.
You barely miss the hound.
The hound is severely wounded.
You hit the adder. The hound closely misses you.
The adder bites you but does no damage. The hound closely misses you.
The adder bites you.
You closely miss the hound.
The hound is severely wounded.
You closely miss the adder. The hound closely misses you. The adder misses you.
The hound bites you but does no damage. The adder closely misses you.
You barely miss the adder.
The adder is heavily wounded.
You hit the hound but do no damage. The hound misses you.
The adder bites you but does no damage. The hound bites you.
You hit the adder but do no damage.
The adder is heavily wounded.
You hit the hound but do no damage. The hound bites you.
The adder bites you but does no damage. The hound bites you but does no damage.
The adder bites you but does no damage.
You hit the adder.
The adder is almost dead.
You closely miss the hound. The hound bites you.
The adder bites you but does no damage.
You miss the adder.
The adder is almost dead.
You hit the hound but do no damage. The hound misses you.
The adder closely misses you. The hound bites you but does no damage.
The adder closely misses you.
You closely miss the adder.
The adder is almost dead.
You hit the hound but do no damage. The hound closely misses you.
The adder bites you. The hound bites you.
You die...

#........#####
###..........###
##.........>...
#..............
##...#....#####.
##..####..##
##..## #..#
##..## #..#
#S@## #..# #.h##
#.## #...# #...#
#(... #... ##.S
#.


You could see a hound and an adder.

Vanquished Creatures
  A hound (D:5)
1 creature vanquished.

Notes
Turn   | Place    | Note
-------+----------+-------------------------------------------
     0 | D:5      | qw the Gargoyle Delver began the quest for the Orb.
     0 | D:5      | Reached XP level 1. HP: 14/14 MP: 1/1
     0 | D:5      | 0 ||| qw: Version: 0.1-a-116-g5d60599
     0 | D:5      | 0 ||| qw: Game counter: 8613
     0 | D:5      | 0 ||| qw: Always use a shield: true
     0 | D:5      | 0 ||| qw: God list: Okawaru
     0 | D:5      | 0 ||| qw: Allow faded altars: false
     0 | D:5      | 0 ||| qw: Do Orc after D:15 true
     0 | D:5      | 0 ||| qw: Do second Lair branch before Depths: true
     0 | D:5      | 0 ||| qw: Lair rune preference: random
     0 | D:5      | 0 ||| qw: Plans: Normal
     0 | D:5      | 0 ||| PLANNING D:1-11
     1 | D:5      | Noticed a hound
    23 | D:5      | Killed a hound
    24 | D:5      | Reached skill level 3 in Axes
    24 | D:5      | Reached XP level 2. HP: 6/19 MP: 2/2
    24 | D:5      | Reached XP level 3. HP: 8/23 MP: 3/3
   255 | D:5      | 255 ||| Stepping ~*~*~tactically~*~*~ (stealth).
   273 | D:5      | HP: 3/23 [hound (4)]
   275 | D:5      | HP: 1/23 [adder (3)]
   275 | D:5      | Slain by a hound

Levels and vault maps discovered:
D:5:      layout_layer_cave, mainiacjoe_overflow_divided_tiny,
          gup_ossuary_entry_pyramid

Skill      XL: |  1 |
---------------+----+-----
Axes           | 3 |  3.2
Fighting       | |  3.2
Dodging        | |  1.5
Stealth        | |  5.4

Action                   || total
-------------------------++-------
Melee: Hand axe          ||    27
Armor: Leather armour    ||    22
Dodge: Dodged            ||    34

Table legend:
 A = Non-vault XP
 B = Vault XP
 C = Vault XP percentage of total XP
 D = Non-vault monster count
 E = Vault monster count
 F = Vault count percentage of total count
                 A         B        C        D         E       F
            +---------+---------+-------+---------+---------+-------
      Total |      43 |       0 |   0.0 |       1 |       0 |   0.0
            +---------+---------+-------+---------+---------+-------
        D:5 |      43 |       0 |   0.0 |       1 |       0 |   0.0
            +---------+---------+-------+---------+---------+-------
